 Dungeon Crawl Stone Soup version 0.27-a0-1434-g6f15984924 (webtiles) character file.

Game seed: 15117286526624089586

291 runninginthe90s the Covert (level 6, -1/38 HPs)
             Began as a Kobold Delver on July 3, 2021.
             Succumbed to an orc's poison
             ... on level 2 of the Dungeon.
             The game lasted 00:06:12 (2798 turns).

runninginthe90s the Covert (Kobold Delver)          Turns: 2798, Time: 00:06:13

Health: -1/38      AC:  3    Str: 11    XL:     6   Next: 58%
Magic:  6/6        EV: 14    Int: 12    God:
Gold:   45         SH:  0    Dex: 16    Spells: 5/5 levels left

rFire    + . .     SeeInvis .   a - +0 short sword
rCold    . . .     Faith    .   (shield restricted)
rNeg     . . .     Spirit   .   b - +0 leather armour
rPois    .         Reflect  .   (no helmet)
rElec    .         Harm     .   (no cloak)
rCorr    .         Rampage  .   (no gloves)
Will     .....                  (no boots)
Stlth    +++++.....             k - amulet of regeneration
HPRegen  1.12/turn              F - ring of protection from fire
MPRegen  0.10/turn              (no ring)

@: lethally poisoned (-1 -> -7), slowed, very slow
A: small, no large weapons, nightstalker 3
a: no special abilities


You were on level 2 of the Dungeon.
You visited 1 branch of the dungeon, and saw 5 of its levels.

You collected 45 gold pieces.

Inventory:

Hand Weapons
 a - a +0 short sword (weapon)
Armour
 b - a +0 leather armour (worn)
Jewellery
 j - a ring of ice
 k - an amulet of regeneration (around neck)
 F - a ring of protection from fire (left hand)
Wands
 e - a wand of digging (3)
Scrolls
 c - 2 scrolls of fog
 d - a scroll of magic mapping
 f - a scroll of teleportation {unknown}
 g - 4 scrolls of fear
 i - a scroll of noise {unknown}
 m - a scroll of silence {unknown}
 n - a scroll of identify {unknown}


   Skills:
 + Level 3.9 Fighting
 - Level 6.0 Short Blades
 - Level 2.4 Dodging
 - Level 9.0 Stealth


You had 5 spell levels left.
You didn't know any spells.
Your spell library contained the following spells:

 Spells                   Type           Power      Damage    Failure   Level
 Beastly Appendage        Tmut           0%         N/A       41%         1
 Corona                   Hex            0%         N/A       41%         1
 Ensorcelled Hibernation  Hex/Ice        0%         N/A       54%         2
 Sublimation of Blood     Necr           0%         N/A       54%         2
 Wereblood                Tmut           0%         N/A       54%         2
 Spider Form              Tmut/Pois      0%         N/A       78%         3
 Tukima's Dance           Hex            0%         N/A       78%         3
 Summon Hydra             Summ           0%         N/A       100%        7


Dungeon Overview and Level Annotations

Branches:
Dungeon (5/15)
 Temple: D:4-7

Altars:
The Shining One


Innate Abilities, Weirdness & Mutations

You are small and have problems with some larger weapons.
You are completely attuned to the shadows.


Message History

The orc hits you with a +4 short sword of venom.
You are poisoned.
You take 4 damage, and have 17/38 hp.
You closely miss the orc.
You feel very sick. The orc closely misses you.
You take 2 damage, and have 15/38 hp.
You hit the orc but do no damage.
You feel very sick.
The orc hits you with a +4 short sword of venom.
* * * LOW HITPOINT WARNING * * *
You are lethally poisoned!
You take 9 damage, and have 6/38 hp.
MASSIVE DAMAGE!!
You feel better.
The orc hits you with a +4 short sword of venom.
You are poisoned.
The orc misses you.
You regained 10 hp, and now have 16/38 hp.
You closely miss the orc.
You feel very sick.
The orc hits you with a +4 short sword of venom.
* * * LOW HITPOINT WARNING * * *
You are more poisoned.
You take 5 damage, and have 11/38 hp.
You closely miss the orc.
You feel very sick. The orc closely misses you.
You take 3 damage, and have 8/38 hp.
You completely miss the orc.
You feel sick. The orc completely misses you.
You barely miss the orc.
You feel very sick.
The orc hits you with a +4 short sword of venom.
* * * LOW HITPOINT WARNING * * *
You are lethally poisoned!
You take 6 damage, and have 2/38 hp.
You aren't carrying any potions.
You hit the orc.
You kill the orc!
You die...

......####.##.#.##.#..#.#.#
....#.# #.##.#....#..#.#.#
....#.# #.##.#.......#.#.#
....#.####.##.#.#..#.##.#(#
..............#....#.##.#.#
..............#....#....#.#
..............#....######.#
.............###..# #.#
.........(....)@..######.#
............###..........#
#................#########
#..#'#.#.######......
#......#.###########.
##.#.###.....†.....#
#<.................# #.
..####.########## .......#


There were no monsters in sight!

Vanquished Creatures
  Menkaure (D:4)
  A jelly (D:4)
  Natasha (thrice) (D:2)
  A river rat (D:3)
  An adder (D:2)
  A dart slug (D:2)
  An orc (D:2)
  5 ball pythons
  2 endoplasms (D:1)
  3 giant cockroaches
  4 goblins
  2 hobgoblins (D:2)
  8 jackals
  4 bats
  A frilled lizard (D:2)
  3 kobolds
  2 kobold skeletons (D:3)
  An orc zombie (D:3)
  3 rats
47 creatures vanquished.

Notes
Turn   | Place    | Note
-------+----------+-------------------------------------------
     0 | D:5      | runninginthe90s the Kobold Delver began the quest for the
                  | Orb.
     0 | D:5      | Reached XP level 1. HP: 14/14 MP: 1/1
    47 | D:4      | Noticed a jelly
    51 | D:4      | Killed a jelly
    52 | D:4      | Reached skill level 7 in Stealth
    52 | D:4      | Reached XP level 2. HP: 19/19 MP: 2/2
    52 | D:4      | Reached XP level 3. HP: 23/23 MP: 3/3
    83 | D:4      | Noticed Menkaure
    86 | D:4      | Killed Menkaure
    87 | D:4      | Reached skill level 5 in Short Blades
    87 | D:4      | Reached skill level 8 in Stealth
    87 | D:4      | Reached XP level 4. HP: 28/28 MP: 4/4
    87 | D:4      | Reached XP level 5. HP: 32/32 MP: 5/5
   271 | D:3      | Found a glowing golden altar of the Shining One.
   945 | D:2      | Noticed Natasha
   949 | D:2      | Killed Natasha
   950 | D:2      | Reached XP level 6. HP: 37/37 MP: 6/6
  1297 | D:2      | Noticed Natasha
  1643 | D:2      | Killed Natasha
  1644 | D:2      | Reached skill level 9 in Stealth
  1726 | D:1      | Found a faded altar of an unknown god.
  2170 | D:1      | You fall into a shaft and drop 1 floor!
  2749 | D:2      | Noticed Natasha
  2787 | D:2      | Killed Natasha
  2798 | D:2      | Succumbed to an orc's poison

Illustrated notes

Levels and vault maps discovered:
D:1:      dpeg_arrival_arbitrary_c, layout_loops_ring,
          hellmonk_ecumenical_altar_pennies_from_heaven, minmay_strange_pillars
D:2:      minmay_razor_zed, layout_basic, minmay_3d_cube, uniq_natasha
D:3:      layout_loops_ring, nicolae_tso_besieged_by_evil,
          gup_sewer_entry_spiral
D:4:      wad_pebble_path, layout_basic, marbit_many_paths, lemuel_round_altar,
          st_stairs_6, saegor_snake_ambush, uniq_menkaure
D:5:      layout_loops_cross, grunt_temple_overflow_champion_of_chaos,
          gammafunk_ghost_split

Skill      XL: |  1  2  3  4  5  6 |
---------------+-------------------+-----
Short Blades   | 3 5 6 |  6.0
Stealth        | 7 8 9 |  9.0
Fighting       | |  3.9
Dodging        | |  2.4

Action                   |  1- 3 |  4- 6 || total
-------------------------+-------+-------++-------
Melee: Short sword       |     2 |   218 ||   220
  Use: Potion            |       |     6 ||     6
 Stab: Sleeping          |     2 |    14 ||    16
       Distracted        |       |     1 ||     1
Armor: Leather armour    |       |    34 ||    34
Dodge: Dodged            |       |   105 ||   105

Table legend: (Time is in decaauts)
 A = Elapsed time spent in this place.
 B = Non-inter-level travel time spent in this place.
 C = Inter-level travel time spent in this place.
 D = Time resting spent in this place.
 E = Time spent auto-exploring this place.
 F = Levels seen in this place.
 G = Mean time per level.
                   A        B        C        D        E       F      G
               +--------+--------+--------+--------+--------+-----+--------+
         Total |   2764 |   2704 |     60 |    716 |   1196 |   5 |  552.8 |
       Dungeon |   2764 |   2704 |     60 |    716 |   1196 |   5 |  552.8 |
               +--------+--------+--------+--------+--------+-----+--------+

Top non-repeatable levels by time:
     D:3: 1016 daAuts
     D:2: 819 daAuts
     D:1: 815 daAuts
     D:4: 101 daAuts
     D:5: 11 daAuts
